 Dungeon Crawl Stone Soup version 0.22.0-49-gab54619 (webtiles) character file.

80 Folque the Vexing (level 4, 0/63 HPs)
             Began as an Ogre Arcane Marksman on Sept 6, 2018.
             Slain by Crazy Yiuf
             ... wielding a +3 quarterstaff of chaos
              (3 damage)
             ... on level 2 of the Dungeon.
             The game lasted 00:15:36 (2527 turns).

Folque the Vexing (Ogre Arcane Marksman)            Turns: 2527, Time: 00:15:37

Health: 0/63       AC:  4    Str: 19    XL:     4   Next: 39%
Magic:  1/8        EV: 10    Int: 14    God:
Gold:   132        SH:  0    Dex: 10    Spells: 3/9 levels left

rFire    . . .     SeeInvis .   h - +0 dagger
rCold    . . .     Gourm    .   (no shield)
rNeg     + . .     Faith    .   a - +0 robe
rPois    .         Spirit   .   (helmet restricted)
rElec    .         Reflect  .   b - +0 cloak
rCorr    .         Harm     .   (gloves unavailable)
MR       .....                  (boots unavailable)
Stlth    ..........             (no amulet)
HPRegen  0.20/turn              p - ring of positive energy
MPRegen  0.11/turn              t - ring of stealth

@: berserking, very slightly contaminated, drained, very quick
A: large, unfitting armour, tough skin 1
a: no special abilities


You were on level 2 of the Dungeon.
You were hungry.

You visited 1 branch of the dungeon, and saw 3 of its levels.

You collected 132 gold pieces.

Inventory:

Hand Weapons
 h - a +0 dagger (weapon)
Armour
 a - a +0 robe (worn)
 b - a +0 cloak (worn)
Jewellery
 p - a ring of positive energy (left hand)
 t - a ring of stealth (right hand)
Scrolls
 i - 3 scrolls of remove curse
 l - 2 scrolls of teleportation
 o - a scroll of identify {unknown}
 r - a scroll of enchant weapon {unknown}
 s - a scroll of amnesia {unknown}
Potions
 g - a potion of curing {unknown}
 k - 2 potions of ambrosia {unknown}
 m - a potion of cancellation {unknown}
 n - a potion of lignification {unknown}
 q - a potion of agility {unknown}
Comestibles
 f - 4 rations


   Skills:
 - Level 2.0(1.7) Fighting
 - Level 2.0(1.7) Throwing
 - Level 1.7(1.5) Dodging
 - Level 3.0(2.7) Spellcasting
 + Level 3.3(3.1) Hexes
 * Level 1.4(1.1) Translocations


You had 3 spell levels left.
You knew the following spells:

 Your Spells              Type           Power        Failure   Level  Hunger
a - Corona                Hex            ##.....      6%          1    #......
b - Slow                  Hex            ##......     10%         2    ###....
s - Portal Projectile     Hex/Tloc       #.....       28%         3    ###....

Your spell library contained the following spells:

 Spells                   Type           Power        Failure   Level  Hunger
 Inner Flame              Hex/Fire       #.......     34%         3    ###....
 Cause Fear               Hex            ##........   52%         4    #####..
 Leda's Liquefaction      Hex/Erth       #.........   75%         4    #####..


Dungeon Overview and Level Annotations

Branches:
Dungeon (3/15)

Altars:
Qazlal

Annotations:
D:2 Crazy Yiuf, Terence


Innate Abilities, Weirdness & Mutations

You are too large for most types of armour.
You have tough skin. (AC +1)


Message History

Aim: Crazy Yiuf, wielding a quarterstaff of chaos and wearing a cloak You miscast Corona.
Your skin glows momentarily.
Crazy Yiuf shouts!
You flicker back into view.
Crazy Yiuf shouts!
You see here 2 throwing nets.
You hit Crazy Yiuf.
Crazy Yiuf is heavily wounded.
Crazy Yiuf hits you with a quarterstaff of chaos!
* * * LOW HITPOINT WARNING * * *
Crazy Yiuf hits you with a quarterstaff of chaos.
* * * LOW HITPOINT WARNING * * *
Space bends around you.
* * * LOW HITPOINT WARNING * * *
A red film seems to cover your vision as you go berserk!
You feel yourself moving faster!
You feel mighty!
You feel yourself speed up.
Crazy Yiuf says, "Flower horse sanguine!"
Crazy Yiuf hits you with a quarterstaff of chaos.
You die...

##### ##...#####
##...(g@..#
#....####.#
######## #....#
#.# ##......##
♣..(.♣
#.#####........#
♣)..♣♣
#...............
♣♣(♣♣
######..........
♣)♣♣ #..........
♣♣)♣ #..........
♣g♣♣ #..........


You could see Crazy Yiuf.

Vanquished Creatures
  3 adders
  A worm (D:3)
  2 leopard geckos (D:3)
  A ball python (D:1)
  6 bats
  2 giant cockroaches (D:3)
  5 goblins
  4 hobgoblins
  4 jackals (D:3)
  A quokka (D:3)
  6 frilled lizards
  8 kobolds
  4 rats
47 creatures vanquished.

Notes
Turn   | Place    | Note
-------+----------+-------------------------------------------
     0 | D:1      | Folque the Ogre Arcane Marksman began the quest for the
                  | Orb.
     0 | D:1      | Reached XP level 1. HP: 19/19 MP: 2/2
   182 | D:1      | Reached XP level 2. HP: 26/28 MP: 2/4
   186 | D:1      | Learned a level 2 spell: Slow
   615 | D:2      | Noticed Terence
   843 | D:2      | Reached XP level 3. HP: 7/35 MP: 0/6
  1202 | D:2      | Learned a level 3 spell: Portal Projectile
  1539 | D:3      | Reached XP level 4. HP: 21/42 MP: 1/8
  1553 | D:3      | Reached skill level 1 in Translocations
  1808 | D:3      | Found a stormy altar of Qazlal.
  2195 | D:3      | Noticed a phantom
  2356 | D:2      | Found a runed door.
  2419 | D:2      | Noticed Crazy Yiuf
  2517 | D:2      | HP: 1/42 [Crazy Yiuf/quarterstaff of chaos (3)]
  2526 | D:2      | HP: 2/42 [Crazy Yiuf/quarterstaff of chaos (2)]
  2527 | D:2      | Slain by Crazy Yiuf

Skill      XL: |  1  2  3  4 |
---------------+-------------+-----
Fighting       | 2 |  2.0
Hexes          | 3 |  3.3
Spellcasting   | 2 3 |  3.0
Translocations | 1 |  1.4
Throwing       | |  2.0
Dodging        | |  1.7

Action                   |  1- 3 |  4- 6 || total
-------------------------+-------+-------++-------
Melee: Dagger            |   150 |   112 ||   262
       Unarmed           |    10 |       ||    10
Throw: Large rock        |     3 |     8 ||    11
       Throwing net      |       |     2 ||     2
 Cast: Corona            |    35 |    13 ||    48
       Slow              |     2 |     3 ||     5
       Portal Projectile |     1 |     5 ||     6
  Use: Potion            |     2 |     2 ||     4
       Scroll            |     2 |       ||     2
 Stab: Sleeping          |     1 |     1 ||     2
  Eat: Chunk             |     3 |     4 ||     7
Armor: Robe              |    62 |    33 ||    95
Dodge: Dodged            |   107 |    63 ||   170
